 Dungeon Crawl Stone Soup version 0.17-a0-1582-ge6b0260 (webtiles) character file.

3201 patman the Quickloader (level 9, -1/85 HPs)
             Began as a Minotaur Hunter on July 27, 2015.
             Was a Believer of Trog.
             Slain by a war axe of freezing (3 damage)
             ... on level 1 of the Abyss.
             The game lasted 00:27:59 (7204 turns).

patman the Quickloader (Minotaur Hunter)            Turns: 7204, Time: 00:27:59

Health: -1/85      AC: 19    Str: 16    XL:     9   Next: 65%
Magic:  8/8        EV:  8    Int:  9    God:    Trog [**....]
Gold:   418        SH:  0    Dex: 14    Spells: 0 memorised, 8 levels left

rFire  . . .     SeeInvis .     b - +1 short sword (holy)
rCold  . . .     Clarity  .     s - +0 plate armour
rNeg   . . .     SustAt   .     (no shield)
rPois  .         Gourm    .     n - +2 hat
rElec  .         Spirit   .     (no cloak)
rCorr  .         Warding  .     (no gloves)
rMut   .         Rnd*Tele +     B - +2 pair of boots {Fly}
MR     .....                    (no amulet)
Stlth  ..........               m - ring of teleportation
                                E - +2 ring of evasion

@: about to teleport, flying, very slightly contaminated, slowed, very slow, not
resistant to hostile enchantments, extremely unstealthy
A: retaliatory headbutt, horns 2
a: Burn Spellbooks, Berserk, Trog's Hand, Renounce Religion, Stop Flying, Evoke
Teleportation


You were on level 1 of the Abyss.
You worshipped Trog.
Trog was pleased with you.
You were not hungry.

You visited 2 branches of the dungeon, and saw 9 of its levels.
You visited the Abyss 1 time.

You collected 418 gold pieces.

Inventory:

Hand weapons
 a - a +2 hand crossbow
 b - a +1 short sword of holy wrath (weapon)
 f - a +0 mace
 v - the +1 falchion "Yrphutup" {vamp, rElec SInv, unknown}
   (You found it on level 1 of the Abyss)

   It inflicts no extra harm, but heals its wielder somewhat when it strikes a
   living foe.
   It insulates you from electricity.
   It lets you see invisible.
 K - a +0 blowgun
Missiles
 t - 23 bolts
 J - 4 javelins (quivered)
 N - 9 curare-tipped needles
Armour
 n - a +2 hat (worn)
 s - a +0 plate armour (worn)
 B - a +2 pair of boots of flying (worn)
Jewellery
 m - a ring of teleportation (right hand)
 q - a +3 ring of strength
 E - a +2 ring of evasion (left hand)
Magical devices
 c - a wand of confusion (42)
 y - a wand of slowing (30)
 A - a wand of lightning (7)
Scrolls
 g - 4 scrolls of remove curse
 h - a scroll of fog
 j - 3 scrolls of enchant weapon
 l - 5 scrolls of amnesia
 o - a scroll of recharging
 p - a scroll of random uselessness
 r - a scroll of immolation
 u - a scroll of fear
 w - a scroll of vulnerability {unknown}
 x - a scroll of teleportation
 F - a scroll of silence {unknown}
 M - 2 scrolls of noise {unknown}
Potions
 d - a potion of brilliance
 i - 2 potions of lignification {unknown}
 k - 4 potions of curing
 z - 2 potions of magic
 D - 2 potions of flight
 I - a potion of heal wounds
Comestibles
 e - 8 bread rations
 G - 11 fruits


   Skills:
 * Level 9.7 Fighting
 - Level 10.0 Crossbows
 * Level 8.9 Armour
 - Level 2.1 Dodging
 - Level 0.7 Stealth


You had 8 spell levels left.
You didn't know any spells.

Dungeon Overview and Level Annotations

Branches:
Dungeon (8/15)             Temple (1/1) D:7
   Lair: D:8-11

Altars:
Ashenzari
Cheibriados
Elyvilon
Fedhas
Gozag
Kikubaaqudgha
Makhleb
Nemelex Xobeh
Okawaru
Qazlal
Ru
Sif Muna
Trog
Xom
Yredelemnul
Zin
The Shining One

Annotations:
D:8 Psyche


Innate Abilities, Weirdness & Mutations

You reflexively headbutt those who attack you in melee.
You have a pair of horns on your head.


Message History

The freezing wraith hits you but does no damage. x2
Unknown command.
The freezing wraith hits you. The freezing wraith freezes you!
The freezing wraith hits you but does no damage.
The freezing wraith hits you but does no damage. x2
The war axe of freezing hits you! The war axe of freezing freezes you.
* * * LOW HITPOINT WARNING * * *
The war axe of freezing hits you.
* * * LOW HITPOINT WARNING * * *
The war axe of freezing freezes you.
* * * LOW HITPOINT WARNING * * *
Read which item? (? for menu, Esc to quit)
Blink to where?
Press: ? - help, Dir - move target cursor You are very lightly contaminated with residual magic.
As you read the scroll of blinking, it crumbles to dust.
The war axe of freezing hits you!
* * * LOW HITPOINT WARNING * * *
The war axe of freezing freezes you.
You die...

.. #..#.. ## .. #..##..#
..# ..# ..##..##..##..
..##
....................
.............. .... #.
#..##..##..# ..# ..
##..##..##..##..##..##..
.......................
......!@(..............
##..##..##..##..##..## .
#..##..##..##..##..
.........W..(W..... .
......... ...... ....
#..##..##..##..##..##..
#.. #..##..##..##.. #..
.. ..................
... ................


You could see a war axe of freezing.

Vanquished Creatures
  A small abomination (Abyss:1)
  A spriggan (D:7)
  A neqoxec (Abyss:1)
  Menkaure (D:6)
  Duvessa (D:5)
  An orc warrior (D:5)
  4 necrophages (D:7)
  2 sky beasts
  A phantom (D:4)
  A centaur (D:6)
  2 ogres
  A big kobold (D:4)
  2 giant frogs (D:7)
  A scorpion (D:5)
  Dowan (D:5)
  5 wights (D:7)
  2 crimson imps
  3 centaur zombies
  A quasit (D:8)
  4 giant frog skeletons
  A jelly (D:5)
  3 orc priests
  A hound (D:6)
  3 orc wizards
  8 worker ants
  A hound zombie (D:7)
  A mummy (D:7)
  9 adders
  A gnoll (D:4)
  2 shadow imps
  A white imp (Abyss:1)
  An ufetubus (Abyss:1)
  3 oozes (D:1)
  3 adder skeletons
  3 adder zombies
  5 worms
  3 giant geckos
  15 orcs
  13 bats
  2 bat skeletons
  2 bat zombies (D:7)
  5 giant cockroaches
  14 goblins
  13 hobgoblins
  6 jackals
  16 kobolds
  2 quokkas
  2 ball pythons
  A ball python zombie (D:5)
  A giant gecko skeleton (D:5)
  A giant gecko zombie (D:5)
  8 giant newts
  9 rats
195 creatures vanquished.

Notes
Turn   | Place    | Note
--------------------------------------------------------------
     0 | D:1      | patman the Minotaur Hunter began the quest for the Orb.
     0 | D:1      | Reached XP level 1. HP: 18/18 MP: 0/0
    21 | D:1      | Reached skill level 5 in Crossbows
    21 | D:1      | Reached XP level 2. HP: 20/25 MP: 1/1
   320 | D:1      | Reached XP level 3. HP: 30/30 MP: 2/2
   737 | D:2      | Reached skill level 6 in Crossbows
   751 | D:2      | Found a sparkling altar of Nemelex Xobeh.
   841 | D:2      | Found a burning altar of Makhleb.
   841 | D:2      | Found a glowing silver altar of Zin.
   842 | D:2      | Noticed an angel
   842 | D:2      | Noticed a blizzard demon
   884 | D:2      | Found a shattered altar of Ashenzari.
   939 | D:2      | Reached XP level 4. HP: 37/37 MP: 3/3
   959 | D:2      | Found a basalt altar of Yredelemnul.
  1065 | D:2      | Found a snail-covered altar of Cheibriados.
  1370 | D:3      | Found a blossoming altar of Fedhas.
  1381 | D:3      | Found a glowing golden altar of the Shining One.
  1576 | D:3      | Found a bloodstained altar of Trog.
  1623 | D:3      | Found a stormy altar of Qazlal.
  1764 | D:4      | Noticed a big kobold
  1764 | D:4      | Noticed a phantom
  1770 | D:4      | Reached XP level 5. HP: 40/42 MP: 4/4
  1787 | D:4      | Killed a big kobold
  1787 | D:4      | Reached skill level 7 in Crossbows
  1810 | D:4      | Killed a phantom
  1810 | D:4      | Reached skill level 8 in Crossbows
  1810 | D:4      | Reached XP level 6. HP: 19/50 MP: 5/5
  2099 | D:4      | Noticed an ogre
  2186 | D:3      | Became a worshipper of Trog the Wrathful
  2352 | D:4      | Killed an ogre
  2359 | D:4      | Reached skill level 9 in Crossbows
  2622 | D:4      | Found a deep blue altar of Sif Muna.
  2695 | D:5      | Entered Level 5 of the Dungeon
  2720 | D:5      | Reached XP level 7. HP: 54/56 MP: 6/6
  2945 | D:5      | Noticed a troll
  3778 | D:6      | Acquired Trog's first power
  3981 | D:6      | Reached skill level 10 in Crossbows
  4043 | D:6      | Noticed Menkaure
  4052 | D:6      | Killed Menkaure
  4215 | D:6      | Found a sacrificial altar of Ru.
  4381 | D:5      | Reached XP level 8. HP: 62/62 MP: 7/7
  4636 | D:5      | Noticed Dowan
  4637 | D:5      | Noticed Duvessa
  4642 | D:5      | Killed Dowan
  4642 | D:5      | Reached skill level 5 in Armour
  4652 | D:5      | Killed Duvessa
  5199 | D:7      | Found a staircase to the Ecumenical Temple.
  5241 | D:7      | Reached skill level 5 in Fighting
  5383 | Temple   | Entered the Ecumenical Temple
  5729 | D:7      | Reached XP level 9. HP: 57/79 MP: 8/8
  5736 | D:7      | Acquired Trog's second power
  6396 | D:8      | Found an iron altar of Okawaru.
  6548 | D:8      | Noticed Psyche
  6560 | D:8      | Cast into the Abyss (Psyche)
  6624 | Abyss:1  | Noticed a large abomination
  6776 | Abyss:1  | Noticed a hellwing
  6793 | Abyss:1  | Found a corrupted altar of Lugonu.
  6916 | Abyss:1  | Noticed a spatial maelstrom
  6927 | Abyss:1  | Noticed a starcursed mass
  6947 | Abyss:1  | Noticed a wretched star
  7018 | Abyss:1  | Noticed a large abomination
  7191 | Abyss:1  | Got an ebony falchion
  7194 | Abyss:1  | Noticed a war axe of freezing
  7204 | Abyss:1  | HP: 2/85 [war axe of freezing (17)]
  7204 | Abyss:1  | Slain by a war axe of freezing

Vault maps used:
D:1:      dpeg_arrival_tiny_j, hangedman_feature_mirror
D:2:      grunt_temple_overflow_order_and_chaos_2,
          nemelex_xobeh_ov_fountains_minmay, cheibriados_altar_1,
          yredelemnul_altar_generic, nicolae_ashenzari_panopticon, first_bread
D:3:      grunt_temple_overflow_forces_of_nature,
          nicolae_overflow_hidden_temple, tso_oasis_becter, serial_glass,
          glass_columns_a, glass_columns_a, glass_columns_c, glass_columns_b,
          minmay_strange_pillars, item_on_display_a, minmay_strange_pillars,
          okawaru_altar_gauntlet_db
D:4:      grunt_ministairs_15, hangedman_feature_mirror, led_sif_pool
D:5:      uniq_duvessa
D:6:      hangedman_ru_absence, uniq_menkaure
D:7:      minmay_temple_entry_statues_fountains, serial_undead, serial_undead_f,
          serial_undead_e, serial_undead_a, serial_undead_e, serial_undead_e,
          serial_undead_b, serial_undead_a, serial_undead_a, the_bakery
D:8:      nicolae_overflow_crystal_walls, grunt_dithmenos_smoke,
          vehumet_altar_wand_db, lair_0_dummy, uniq_joseph, uniq_psyche
Temple:   circular_temple_6

Action                   |  1- 3 |  4- 6 |  7- 9 || total
-------------------------+-------+-------+-------++-------
Melee: Short sword       |    73 |   176 |   380 ||   629
 Fire: Hand crossbow     |    11 |    21 |    86 ||   118
Invok: Berserk           |       |       |     3 ||     3
 Abil: Evoke Teleportati |       |       |     7 ||     7
Evoke: Wand              |       |       |     6 ||     6
  Use: Scroll            |     4 |    11 |    11 ||    26
       Potion            |       |       |     5 ||     5
  Eat: Chunk             |       |     4 |     8 ||    12
       Beef jerky        |       |     1 |     1 ||     2
       Pizza             |       |       |     2 ||     2
       Meat ration       |       |       |     2 ||     2
